Map: Golden Wall LE

Players

LiquidClem (Clem)

  • Race: Terran Terran
  • League: Master
  • Spawn Location: 5:00

Reynor - Winner!

  • Race: Zerg Zerg
  • League: Master
  • Spawn Location: 7:00

Event: DreamHack SC2 Masters 2020 Fall

VOD

Have the link to the VOD?

Description

Time

  • Played on: Sept. 20, 2020, 10:40 a.m.
  • Length: 23:54

All games in this series

Show
View Real Time Build Order
Export as new Build Order

LiquidClem Terran 

Build Orders: Hellion Opening, Liberator Opening, Reaper Expand 

Get SALT Encoding   

  12  0:00  SCV  
  13  0:12  SCV  
  14  0:17  Supply Depot  
  14  0:24  SCV  
  15  0:38  SCV  
  15  0:40  Barracks  
  16  0:43  Refinery  
  16  0:51  SCV  
  17  1:03  SCV  
  18  1:15  SCV  
  19  1:27  Reaper, Orbital Command  
  20  1:40  Command Center  
  20  1:48  Supply Depot  
  20  1:53  SCV  
  21  1:58  Marine  
  22  2:05  SCV  
  23  2:10  Factory  
  23  2:16  Refinery  
  23  2:17  SCV  
  23  2:20  Barracks Reactor  
  25  2:30  SCV  
  25  2:42  SCV  
  26  2:52  Orbital Command  
  26  2:54  SCV  
  26  2:55  Starport  
  27  3:00  Hellion x2  
  27  3:03  Marine  
  32  3:06  SCV  
  33  3:14  Supply Depot  
  33  3:18  SCV  
  33  3:19  SCV  
  35  3:23  Hellion  
  35  3:25  Hellion  
  39  3:30  SCV  
  39  3:31  SCV  
  39  3:33  Medivac  
  43  3:37  Barracks Tech Lab  
  43  3:40  Supply Depot  
  43  3:42  SCV  
  43  3:44  SCV  
  43  3:47  Hellion  
  47  3:51  Hellion  
  47  3:54  SCV  
  50  3:56  SCV  
  51  4:02  Supply Depot  
  51  4:03  Liberator  
  51  4:08  Hellion  
  51  4:09  SCV  
  57  4:12  Hellion  
  57  4:16  Stimpack  
  59  4:25  Command Center  
  59  4:29  SCV x2  
  61  4:41  SCV  
  61  4:42  Factory Tech Lab  
  61  4:43  Marine, Barracks  
  61  4:44  Barracks  
  63  4:46  Supply Depot  
  63  4:47  Starport Reactor  
  63  4:49  SCV  
  64  4:53  SCV  
  65  5:01  SCV, Marine  
  65  5:03  Engineering Bay x2  
  65  5:05  SCV  
  68  5:13  SCV  
  69  5:16  Refinery  
  69  5:17  SCV  
  69  5:18  Refinery, Marine  
  69  5:20  Supply Depot  
  69  5:25  SCV  
  68  5:29  SCV  
  68  5:30  Terran Infantry Weapons Level 1, Terran Infantry Armor Level 1  
  68  5:35  Starport Reactor, Marine  
  70  5:36  Marine  
  70  5:38  Orbital Command  
  70  5:39  Marine  
  70  5:41  SCV  
  73  5:43  Marine  
  73  5:45  SCV  
  73  5:47  Siege Tank  
  78  5:51  Barracks x2  
  78  5:53  Marine x2  
  78  5:56  SCV, Marine  
  82  6:01  Supply Depot, Orbital Command  
  82  6:03  Marine x2  
  85  6:04  SCV  
  85  6:08  SCV  
  85  6:11  Combat Shield  
  84  6:14  Medivac  
  84  6:16  SCV, Medivac  
  89  6:19  Marine x3  
  89  6:21  SCV  
  93  6:27  SCV  
  93  6:28  SCV  
  93  6:29  Siege Tank  
  98  6:35  Supply Depot, Marine  
  98  6:36  Marine  
  98  6:38  Supply Depot  
  98  6:39  Armory  
  100  6:41  SCV  
  100  6:43  Barracks Reactor  
  100  6:44  Marine x2  
  100  6:46  SCV  
  105  6:48  Marine  
  105  6:51  Barracks Reactor  
  105  6:52  SCV  
  105  6:53  SCV  
  107  6:58  SCV, Marine x2  
  110  7:04  SCV  
  110  7:05  SCV, Marine  
  110  7:06  Supply Depot  
  110  7:07  Refinery, Factory  
  110  7:08  Marine x2  
  113  7:11  SCV  
  113  7:12  Siege Tank  
  119  7:16  SCV  
  119  7:17  Medivac, Marine, Supply Depot  
  119  7:18  SCV  
  122  7:24  Medivac, Marine  
  122  7:25  Marine  
  122  7:28  Marine x5  
  132  7:34  Marine  
  132  7:35  Marine  
  132  7:39  Command Center  
  132  7:42  Marine x2  
  134  7:45  Marine  
  134  7:47  Medivac, Marine x2  
  134  7:48  Supply Depot  
  134  7:50  Terran Infantry Weapons Level 2  
  137  7:53  Marine x2  
  137  7:54  Medivac  
  137  7:57  Factory Tech Lab  
  137  7:58  Supply Depot, Marine  
  141  8:06  Terran Infantry Armor Level 2  
  141  8:09  Marine x6  
  141  8:10  Supply Depot  
  141  8:11  Marine x2  
  149  8:19  Marine, Siege Tank  
  152  8:24  Barracks x2  
  152  8:25  Barracks  
  152  8:26  Supply Depot  
  152  8:27  Marine x2, Siege Tank  
  157  8:36  Missile Turret  
  157  8:38  Marauder, Marine x4  
  157  8:39  Marine x2  
  165  8:47  Marine x2  
  165  8:48  Medivac  
  169  8:51  Siege Tank  
  169  8:54  SCV  
  173  8:58  Marine x2  
  173  8:59  Siege Tank  
  173  9:00  Marauder  
  180  9:05  Marine x2  
  180  9:09  Terran Vehicle Weapons Level 1, SCV x2  
  181  9:11  SCV  
  181  9:12  Refinery, Marine x2  
  181  9:13  Marine x2  
  181  9:14  Refinery  
  181  9:15  Marine  
  187  9:19  Marine  
  187  9:24  SCV  
  188  9:37  Missile Turret  
  188  9:40  Marine  
  188  9:41  Planetary Fortress  
  188  9:42  SCV, Marauder, Marine x2  
  188  9:43  Siege Tank x2  
  183  9:48  Marine  
  183  9:49  Marine x2  
  183  9:50  SCV  
  183  9:51  Marine  
  188  9:55  SCV  
  188  10:02  Command Center, Marine  
  188  10:15  Marine  
  188  10:18  Marine  
  188  10:19  Marine x7  
  188  10:20  Marauder  
  188  10:21  Siege Tank x2  
  187  10:24  Marine x2  
  188  10:41  Missile Turret  
  188  10:42  Sensor Tower  
  188  10:49  Marine  
  188  10:50  Marine x4  
  188  10:51  SCV x2  
  188  10:58  Terran Infantry Weapons Level 3, Command Center  
  188  10:59  Ghost Academy  
  188  11:13  SCV x2, Marine x5, Siege Tank  
  188  11:14  Marauder  
  200  11:37  Command Center  
  200  11:39  Marine x2  
  200  11:40  Marine  
  200  11:42  Marine  
  200  11:54  SCV, Marine x2  
  200  11:58  Command Center  
  200  12:01  Command Center  
  200  12:02  Liberator  
  200  12:05  Terran Vehicle Weapons Level 2  
  200  12:06  Liberator  
  200  12:07  Terran Infantry Armor Level 3  
  199  12:09  Planetary Fortress  
  199  12:11  Orbital Command  
  199  12:12  Marine  
  200  12:17  Siege Tank  
  199  12:27  Ghost  
  199  12:29  Marine  
  186  12:30  Marine x3, Siege Tank  
  186  12:32  Marine x3  
  183  12:39  Marine x2  
  183  12:40  Barracks Tech Lab x2  
  185  12:45  Liberator  
  185  12:46  Marine  
  185  12:48  Marine  
  185  12:49  Siege Tank, Liberator  
  196  12:51  Refinery  
  196  12:52  Refinery  
  196  12:54  Marine x2  
  196  12:56  Ghost  
  200  13:04  Siege Tank  
  200  13:05  Marine x2  
  198  13:06  Barracks Tech Lab  
  191  13:13  Orbital Command  
  191  13:14  Command Center  
  191  13:15  Marauder, Marine x5  
  191  13:18  Ghost  
  198  13:27  Liberator  
  198  13:29  Command Center  
  198  13:30  Ghost  
  198  13:32  Missile Turret  
  198  13:34  Ghost, Marine x4  
  194  13:36  Ghost  
  200  13:47  Ghost  
  199  13:59  Ghost  
  199  14:02  Ghost, Siege Tank  
  185  14:03  SCV x5  
  185  14:04  Ghost, Marine x3  
  185  14:05  Siege Tank  
  200  14:13  Liberator  
  200  14:14  Marine x3  
  198  14:18  Ghost  
  198  14:19  SCV  
  198  14:24  Marine x2  
  200  14:28  Marauder  
  198  14:31  Marauder  
  198  14:33  SCV  
  200  14:42  Marine x2  
  200  14:43  Marauder  
  200  14:55  Marine, Siege Tank  
  200  14:56  Ghost  
  200  14:57  Marine x2  
  200  14:59  SCV  
  200  15:02  Marine x2  
  200  15:04  Ghost x2  
  200  15:05  Siege Tank  
  200  15:06  Marine x3  
  198  15:11  Liberator  
  198  15:12  Marine  
  198  15:13  Marine  
  190  15:14  Marine  
  190  15:21  Marine x2  
  188  15:24  Marine  
  188  15:25  Ghost  
  188  15:27  Siege Tank  
  193  15:29  Ghost  
  193  15:34  Orbital Command, Marauder  
  193  15:35  Planetary Fortress  
  192  15:37  Marine  
  192  15:38  Marauder, Siege Tank  
  192  15:40  Marine x2  
  180  15:45  SCV  
  168  15:54  Marauder, Marine, Liberator  
  168  15:55  Marauder  
  174  15:57  SCV x2  
  174  15:59  Siege Tank  
  174  16:00  Marine  
  174  16:02  Missile Turret  
  177  16:09  Marine x3  
  177  16:10  Siege Tank  
  174  16:11  SCV  
  174  16:13  SCV x2  
  174  16:14  Marine x3  
  179  16:18  Ghost  
  179  16:20  SCV  
  182  16:26  Ghost  
  182  16:31  Marine x2, Siege Tank  
  186  16:34  Marauder, Marine x3  
  186  16:35  Orbital Command, Marine x2  
  186  16:36  Marine  
  186  16:37  Liberator  
  183  16:40  SCV x2  
  183  16:46  SCV, Marauder  
  170  16:47  Marine  
  170  16:48  Marine  
  170  16:49  SCV, Marine  
  170  16:52  Marine  
  170  16:53  SCV  
  157  16:54  SCV x2  
  157  16:58  Marine x2  
  157  16:59  SCV x2  
  157  17:00  SCV x2  
  162  17:02  SCV  
  162  17:03  Siege Tank  
  160  17:09  Ghost x2  
  160  17:10  Marine x3  
  164  17:20  Marine x2, Liberator  
  164  17:21  Marauder  
  169  17:23  Sensor Tower  
  169  17:24  Refinery x2  
  169  17:26  Marine x3, Starport  
  169  17:27  Ghost  
  169  17:28  SCV x2  
  169  17:29  SCV  
  177  17:31  Missile Turret, Marine x2  
  177  17:35  Siege Tank  
  182  17:38  Marauder  
  181  17:49  Ghost  
  171  17:52  Orbital Command  
  171  17:53  Ghost  
  171  17:56  Marine x2  
  159  18:02  Liberator  
  159  18:04  Marine x2  
  154  18:06  SCV  
  154  18:08  Siege Tank  
  154  18:10  Ghost  
  154  18:12  Marine x2  
  147  18:13  Marine  
  147  18:14  SCV x2  
  147  18:16  Marauder, Marine x3  
  147  18:18  Marine  
  152  18:20  SCV  
  152  18:26  Medivac  
  149  18:29  Marine x3  
  152  18:40  Marine x2, Siege Tank  
  152  18:41  SCV  
  158  18:45  Medivac, Orbital Command, Marine  
  158  18:46  Marauder, Marine x2  
  156  18:50  Marauder, Marine x2  
  156  18:52  Marine x2  
  156  18:53  Marauder  
  158  18:56  Liberator  
  158  18:58  Marine x2  
  159  19:03  Marine x2  
  159  19:04  Marine  
  159  19:07  SCV, Marauder  
  159  19:08  Marine  
  166  19:11  Marauder, Marine x3  
  166  19:12  Siege Tank  
  166  19:15  Medivac  
  176  19:22  Marine, Starport, Neosteel Armor  
  176  19:23  SCV  
  173  19:26  Marine  
  173  19:27  SCV  
  173  19:30  Marine  
  173  19:31  Marauder  
  172  19:33  Marauder, Marine x2  
  176  19:39  Medivac, Marauder, Marine x4  
  176  19:43  Marine x2  
  176  19:44  Siege Tank  
  167  19:45  Medivac  
  186  19:48  Marine  
  182  19:53  Marauder, Marine x2  
  182  19:57  Planetary Fortress  
  182  19:59  Marine  
  164  20:00  Orbital Command  
  164  20:06  Ghost  
  163  20:08  Ghost  
  163  20:09  Medivac  
  163  20:12  Ghost, Marine x4  
  163  20:13  Marine  
  163  20:14  Medivac, Ghost  
  174  20:16  Siege Tank  
  174  20:18  Medivac, Marine x3  
  186  20:23  SCV x2  
  186  20:24  SCV  
  186  20:30  Marine x2  
  186  20:35  Orbital Command, Marauder  
  185  20:39  Medivac  
  167  20:43  Marine x2  
  167  20:44  Marauder, Marine x4  
  167  20:45  Marine  
  167  20:47  SCV  
  167  20:48  Siege Tank  
  167  20:49  SCV  
  179  20:55  SCV  
  179  20:57  Medivac  
  182  21:01  Medivac  
  184  21:05  SCV  
  184  21:06  Marauder  
  184  21:11  Ghost  
  187  21:12  Marine  
  187  21:16  Orbital Command  
  187  21:18  SCV x5  
  190  21:20  Siege Tank  
  190  21:22  Missile Turret  
  191  21:35  Marauder x2, Marine x2  
  191  21:38  Marine x2  
  191  21:39  SCV  
  197  21:48  Marine  
  197  21:49  Marauder  
  197  21:52  Marine x2, Siege Tank  
  197  21:53  Marauder  
  197  21:54  Marine x3  
  173  21:56  Marine  
  173  21:57  Marauder  
  173  21:59  Marauder, Marine  
  163  22:04  SCV x2  
  163  22:05  SCV  
  163  22:06  Marine  
  150  22:10  Marine  
  150  22:14  Marine  
  150  22:15  Marauder, Marine  
  147  22:16  Marine  
  147  22:19  Marauder, Marine x2  
  147  22:20  SCV  
  145  22:24  Siege Tank  
  145  22:25  Marauder  
  150  22:32  Marine  
  150  22:33  SCV  
  150  22:35  Marauder  
  154  22:49  SCV x2  
  156  22:56  Siege Tank  
  159  23:02  Marine  
  159  23:03  Marauder  
  153  23:07  SCV, Orbital Command  
  142  23:17  Marine x2  
  142  23:19  Medivac  
  141  23:25  Marauder, Marine  
  141  23:26  Marine  
Show
View Real Time Build Order
Export as new Build Order

Reynor Zerg - Winner!

Build Orders: Hatch First, Lurkers 

Get SALT Encoding   

  12  0:00  Drone  
  13  0:12  Overlord  
  13  0:17  Drone  
  14  0:30  Drone  
  14  0:31  Drone  
  16  0:49  Hatchery  
  15  0:52  Drone  
  15  0:55  Drone  
  17  0:59  Drone  
  18  1:08  Extractor  
  17  1:15  Spawning Pool  
  17  1:18  Drone  
  17  1:21  Drone  
  18  1:28  Drone  
  19  1:38  Drone  
  20  1:49  Overlord  
  20  2:01  Queen  
  20  2:02  Zergling x4  
  24  2:12  Hatchery, Drone  
  24  2:15  Drone  
  25  2:24  Queen  
  25  2:27  Drone  
  28  2:36  Drone x2  
  30  2:39  Metabolic Boost  
  30  2:43  Drone  
  31  2:44  Drone  
  31  2:47  Drone  
  33  2:54  Overlord  
  33  2:57  Drone  
  34  3:01  Queen  
  36  3:13  Drone x2  
  36  3:15  Drone  
  36  3:16  Queen  
  36  3:17  Drone  
  42  3:25  Queen, Drone  
  45  3:33  Drone x3  
  48  3:35  Drone x2  
  48  3:38  Overlord  
  48  3:41  Overlord  
  50  3:52  Spore Crawler  
  50  3:53  Zergling x2  
  51  3:56  Overlord  
  51  3:58  Zergling x6  
  51  3:59  Queen  
  51  4:00  Drone x2  
  58  4:07  Drone  
  58  4:08  Drone  
  58  4:09  Zergling x4  
  62  4:13  Zergling x2  
  62  4:14  Zergling x2  
  64  4:18  Drone, Extractor  
  64  4:20  Evolution Chamber  
  64  4:21  Zergling x2, Evolution Chamber  
  64  4:22  Drone  
  64  4:26  Drone x3  
  64  4:30  Overlord  
  67  4:33  Drone  
  67  4:34  Drone x4  
  72  4:41  Drone  
  72  4:43  Drone  
  72  4:44  Spore Crawler  
  73  4:45  Drone  
  74  4:54  Drone x2  
  74  4:59  Overlord  
  73  5:00  Zergling x4  
  73  5:03  Zergling x2  
  73  5:04  Evolution Chamber  
  75  5:07  Drone x2  
  75  5:08  Overlord  
  75  5:09  Zergling x2  
  75  5:10  Zerg Ground Armor Level 1, Drone  
  75  5:11  Zerg Melee Weapons Level 1  
  79  5:16  Overlord  
  79  5:18  Drone  
  79  5:21  Drone  
  82  5:24  Drone  
  82  5:26  Lair  
  82  5:28  Spore Crawler  
  82  5:29  Drone x2  
  82  5:32  Overlord  
  84  5:35  Hatchery  
  84  5:36  Drone  
  84  5:38  Drone  
  84  5:39  Drone  
  84  5:40  Drone  
  84  5:42  Drone  
  88  5:43  Drone  
  88  5:45  Drone  
  88  5:46  Drone  
  90  5:51  Overlord  
  90  5:53  Drone x3  
  90  5:55  Extractor x2  
  91  5:57  Extractor  
  91  5:58  Drone  
  91  5:59  Drone, Baneling Nest  
  91  6:07  Zergling x4  
  91  6:10  Extractor  
  92  6:14  Drone  
  92  6:15  Queen  
  92  6:17  Zergling x2  
  92  6:18  Zergling x2  
  97  6:19  Overlord  
  97  6:21  Zergling x6  
  97  6:24  Drone  
  97  6:25  Drone x2  
  103  6:26  Zergling x6  
  103  6:28  Pneumatized Carapace  
  103  6:30  Zergling x2  
  103  6:31  Zergling x4  
  109  6:39  Drone  
  110  6:41  Zergling x4  
  110  6:45  Baneling x7  
  112  6:48  Zergling x2, Centrifical Hooks  
  112  6:49  Drone  
  115  6:54  Drone  
  115  6:57  Zergling x2  
  115  6:58  Zergling x2  
  115  6:59  Drone x5  
  122  7:03  Drone x3  
  122  7:06  Zerg Ground Armor Level 2, Zerg Melee Weapons Level 2, Drone  
  126  7:09  Overlord  
  126  7:11  Drone  
  124  7:23  Overlord  
  124  7:25  Drone x3  
  124  7:28  Zergling x14  
  134  7:30  Drone x2  
  134  7:32  Drone x2  
  134  7:33  Overlord  
  137  7:39  Overlord  
  137  7:41  Drone x3  
  138  7:48  Overlord  
  138  7:50  Drone  
  138  7:51  Queen, Hydralisk Den  
  138  7:54  Zergling x4, Spore Crawler x2, Extractor  
  138  7:55  Baneling x3  
  138  7:56  Baneling x3  
  138  7:58  Zergling x6  
  141  8:00  Hatchery, Zergling x2, Baneling  
  141  8:02  Extractor  
  141  8:04  Zergling x6  
  141  8:11  Drone  
  142  8:13  Zergling x4, Infestation Pit  
  142  8:17  Overlord  
  141  8:21  Hydralisk x3  
  141  8:22  Hydralisk x3  
  141  8:23  Baneling x7  
  141  8:24  Baneling x2  
  141  8:25  Baneling x4  
  141  8:26  Zergling x4  
  155  8:29  Muscular Augments, Hydralisk x2  
  155  8:30  Zergling x6  
  162  8:37  Hydralisk x2  
  162  8:38  Zergling x4  
  168  8:47  Drone x4  
  171  8:51  Overlord  
  171  8:53  Drone x2  
  171  8:54  Hive  
  173  8:57  Lurker Den, Hydralisk  
  173  8:58  Zergling x12  
  173  9:01  Overlord  
  174  9:03  Zergling x4  
  174  9:05  Zergling x4  
  174  9:09  Hydralisk  
  178  9:10  Zergling x2  
  178  9:12  Spine Crawler  
  178  9:13  Spine Crawler  
  178  9:14  Zergling x2, Spine Crawler  
  178  9:15  Zergling x8  
  176  9:22  Hydralisk  
  176  9:23  Zergling x10  
  183  9:27  Drone x4  
  183  9:29  Zergling x4  
  186  9:33  Drone  
  186  9:34  Drone  
  186  9:37  Zerg Missile Weapons Level 1  
  188  9:41  Grooved Spines, Evolution Chamber, Hydralisk  
  188  9:42  Zergling x10  
  180  9:46  Zergling x10  
  180  9:49  Drone x2  
  180  9:50  Drone  
  184  9:54  Hatchery  
  184  9:58  Lurker x8  
  184  9:59  Drone x4  
  194  10:00  Drone x2  
  194  10:02  Zergling x4  
  196  10:08  Zergling x4  
  196  10:13  Adaptive Talons  
  196  10:14  Zergling x10  
  191  10:19  Zergling x2, Hydralisk  
  191  10:21  Viper x2  
  175  10:25  Zergling x10  
  182  10:29  Zergling x2  
  182  10:31  Drone x3  
  182  10:32  Hydralisk  
  182  10:33  Zergling x2  
  185  10:37  Drone x2  
  185  10:39  Viper  
  185  10:40  Extractor  
  185  10:42  Zergling x2  
  190  10:45  Drone  
  188  10:52  Drone x2  
  188  10:53  Drone x8  
  196  10:58  Zerg Ground Armor Level 3  
  196  11:02  Zergling x6  
  196  11:03  Zergling x2  
  198  11:10  Zergling x4, Seismic Spines  
  200  11:12  Hatchery  
  200  11:13  Overlord  
  200  11:18  Zergling x4  
  200  11:23  Overlord  
  200  11:29  Zergling x4  
  200  11:31  Overlord  
  194  11:51  Zergling x20  
  198  12:05  Zergling x2, Hydralisk  
  198  12:06  Zergling x2  
  197  12:19  Zergling x4  
  197  12:20  Zergling x4  
  199  12:28  Hydralisk x12  
  200  12:34  Zergling x2, Hydralisk  
  200  12:35  Zergling x16  
  198  12:38  Zergling x2  
  198  12:40  Zergling x2  
  198  12:42  Zerg Melee Weapons Level 3  
  200  12:50  Extractor  
  200  12:51  Lurker  
  200  12:55  Lurker  
  200  12:56  Lurker  
  189  13:06  Extractor  
  189  13:07  Extractor  
  189  13:08  Lurker x2, Baneling x2  
  189  13:09  Lurker x7  
  189  13:12  Drone x4  
  197  13:16  Drone x3  
  197  13:17  Drone x4  
  197  13:18  Spore Crawler  
  197  13:19  Zergling x2  
  198  13:28  Hydralisk  
  198  13:36  Hatchery  
  197  13:43  Spore Crawler, Drone x6  
  197  13:44  Spore Crawler  
  196  13:49  Zergling x2  
  196  13:50  Zergling x4  
  196  13:54  Hydralisk  
  196  13:55  Zergling x4  
  200  13:56  Zerg Missile Weapons Level 2  
  200  13:59  Hydralisk  
  200  14:00  Zergling x12  
  200  14:01  Hydralisk  
  200  14:02  Zergling x10  
  192  14:09  Nydus Network  
  190  14:10  Zergling x2, Hydralisk  
  190  14:11  Nydus Network  
  190  14:14  Zergling x6, Hydralisk  
  186  14:18  Zergling x4  
  186  14:21  Hydralisk  
  186  14:22  Zergling x6  
  188  14:24  Hydralisk  
  188  14:26  Hydralisk  
  189  14:32  Hydralisk  
  185  14:38  Hydralisk x2  
  185  14:39  Zergling x6  
  185  14:40  Hydralisk  
  185  14:41  Zergling x2  
  185  14:43  Queen  
  185  14:44  Zergling x2, Hydralisk  
  185  14:45  Zergling x4  
  191  14:49  Drone  
  191  14:51  Lurker x6  
  193  14:53  Drone  
  193  14:57  Hydralisk  
  193  14:58  Zergling x6  
  193  14:59  Zergling x4  
  194  15:05  Hydralisk x3  
  194  15:06  Zergling x10  
  195  15:09  Hydralisk  
  195  15:10  Zergling x8  
  195  15:11  Hydralisk  
  189  15:16  Zergling x4, Hydralisk  
  189  15:19  Nydus Canal  
  189  15:21  Zergling x6  
  186  15:26  Hydralisk  
  186  15:27  Zergling x4  
  186  15:28  Nydus Canal  
  187  15:30  Lurker x4  
  187  15:31  Zergling x4  
  187  15:33  Zergling x6  
  187  15:34  Zergling x2  
  196  15:38  Zergling x2  
  196  15:39  Zergling x2  
  196  15:40  Zergling x10  
  196  15:42  Nydus Canal  
  188  15:45  Hatchery  
  188  15:46  Zergling x4  
  188  15:47  Zergling x2  
  182  15:50  Viper x2  
  182  15:51  Viper  
  182  15:53  Zergling x4  
  189  15:58  Hydralisk  
  189  15:59  Zergling x6  
  189  16:00  Overseer  
  190  16:04  Zergling x6  
  190  16:05  Zergling x12  
  199  16:20  Nydus Canal  
  199  16:21  Overseer  
  199  16:23  Hatchery, Overseer  
  198  16:29  Zergling x16  
  195  16:36  Hydralisk  
  195  16:37  Zergling x14  
  194  16:40  Zergling x12  
  194  16:43  Hydralisk  
  194  16:44  Zergling x12  
  199  16:50  Nydus Canal  
  188  16:54  Zergling x12  
  188  16:58  Nydus Canal  
  188  16:59  Zergling x6, Hydralisk  
  188  17:00  Zergling x2, Hydralisk  
  188  17:01  Zergling x2  
  186  17:02  Hydralisk  
  186  17:05  Zergling x4  
  186  17:06  Zergling x4  
  187  17:14  Lurker x8  
  195  17:15  Adrenal Glands  
  195  17:17  Zergling x10, Zerg Missile Weapons Level 3  
  195  17:20  Nydus Canal  
  197  17:23  Zergling x6  
  200  17:43  Hatchery  
  198  17:46  Zergling x4  
  195  17:53  Zergling x18  
  196  18:02  Zergling x26  
  196  18:03  Zergling x6  
  198  18:07  Hydralisk  
  198  18:08  Zergling x6  
  198  18:11  Hydralisk, Extractor  
  198  18:12  Zergling x10  
  195  18:13  Hydralisk  
  195  18:14  Zergling x2  
  195  18:15  Zergling x4, Extractor  
  195  18:18  Nydus Canal  
  195  18:19  Nydus Canal  
  193  18:22  Hydralisk  
  193  18:23  Zergling x4  
  193  18:25  Drone x4  
  185  18:31  Zergling x12, Hydralisk  
  185  18:33  Baneling x8  
  193  18:35  Hydralisk  
  188  18:44  Zergling x12, Hydralisk  
  190  18:49  Drone x3  
  190  18:50  Hydralisk x2  
  190  18:51  Hydralisk  
  190  18:55  Zergling x2  
  200  18:58  Zergling x2  
  200  19:00  Nydus Canal  
  196  19:05  Burrow  
  196  19:09  Drone x3  
  195  19:12  Zergling x10  
  195  19:16  Baneling  
  200  19:17  Baneling x12  
  200  19:21  Zergling x4  
  196  19:25  Zergling x8  
  196  19:28  Nydus Canal  
  197  19:36  Zergling x10  
  197  19:37  Nydus Canal  
  200  19:45  Zergling x4  
  200  19:51  Hydralisk  
  200  19:52  Zergling x26  
  199  19:56  Nydus Canal  
  199  19:57  Zergling x2  
  199  19:58  Zergling x20  
  200  20:05  Drone x2  
  200  20:06  Drone  
  199  20:13  Baneling x17  
  199  20:17  Extractor  
  198  20:21  Nydus Canal x2  
  198  20:26  Zergling x6  
  192  20:37  Zergling x4, Hydralisk  
  192  20:38  Zergling x20, Hydralisk x4  
  180  20:43  Hydralisk  
  180  20:44  Zergling x22  
  179  20:52  Baneling  
  179  20:53  Baneling x13  
  179  20:54  Drone x4  
  183  20:57  Hydralisk x2  
  183  21:00  Lurker x6  
  183  21:01  Lurker x3  
  192  21:04  Lurker x2  
  192  21:05  Lurker x2  
  192  21:06  Hydralisk  
  192  21:07  Zergling x4  
  183  21:19  Zergling x2, Hydralisk  
  183  21:20  Zergling x24  
  198  21:27  Drone x2  
  197  21:42  Hydralisk  
  197  21:43  Zergling x2  
  171  21:58  Zergling x42  
  171  22:01  Hydralisk x2  
  183  22:02  Hydralisk  
  183  22:06  Nydus Canal  
  183  22:07  Nydus Canal  
  181  22:08  Hydralisk  
  181  22:10  Hydralisk  
  181  22:11  Zergling x4  
  181  22:13  Zergling x6  
  167  22:16  Hydralisk  
  167  22:19  Hydralisk  
  167  22:20  Hydralisk x3  
  167  22:21  Zergling x6  
  170  22:26  Hydralisk  
  172  22:31  Zergling x6  
  172  22:33  Hydralisk x3, Baneling x8  
  172  22:34  Hydralisk  
  172  22:36  Zergling x10  
  185  22:39  Zergling x10, Queen  
  189  22:46  Lurker x10  
  190  22:59  Hydralisk  
  190  23:00  Zergling x28  
  194  23:09  Zergling x14, Hydralisk  
  197  23:15  Hydralisk  
  197  23:16  Zergling x8  
  194  23:21  Zergling x16  
  194  23:24  Zergling x6  
  188  23:34  Zergling x14  
  188  23:39  Nydus Canal  

Tags
 
Add a new tag
Caveats
  • Supply blocks, unpowered buildings, or Contaminate may cause inaccurate times.
  • Supply counts are checked every 10 seconds.